 Dungeon Crawl Stone Soup version 0.27-a0-1374-gc14e5d3922 (webtiles) character file.

Game seed: 15135719894921707567

6 Ijustatesigmund the Shield-Bearer (level 1, 0/16 HPs)
             Began as an Octopode Fighter on June 29, 2021.
             Slain by a jackal (3 damage)
             ... on level 1 of the Dungeon.
             The game lasted 00:00:11 (52 turns).

Ijustatesigmund the Shield-Bearer (Octopode Fighter)  Turns: 52, Time: 00:00:12

Health: 0/16       AC:  1    Str: 15    XL:     1   Next: 90%
Magic:  1/1        EV: 11    Int: 10    God:
Gold:   0          SH:  8    Dex: 11    Spells: 0/0 levels left

rFire    . . .     SeeInvis .   a - +0 war axe
rCold    . . .     Faith    .   b - +0 kite shield
rNeg     . . .     Spirit   .   (helmet restricted)
rPois    .         Reflect  .   (no amulet)
rElec    .         Harm     .   (no ring)
rCorr    .         Rampage  .   (no ring)
Will     .....                  (no ring)
Stlth    ++........             (no ring)
HPRegen  0.05/turn              (no ring)
MPRegen  0.07/turn              (no ring)
                                (no ring)
                                (no ring)

@: no status effects
A: almost no armour, amphibious, 8 rings, camouflage 1, gelatinous body 1,
(nimble swimmer 1), tentacles
a: no special abilities


You were on level 1 of the Dungeon.
You visited 1 branch of the dungeon, and saw 1 of its levels.

Inventory:

Hand Weapons
 a - a +0 war axe (weapon)
Armour
 b - a +0 kite shield (worn)
Potions
 c - a potion of might


   Skills:
 + Level 3.0 Fighting
 * Level 2.2 Axes
 + Level 3.0 Dodging
 + Level 3.0 Shields


You couldn't memorise any spells.
You didn't know any spells.
Your spell library was empty.

Dungeon Overview and Level Annotations

Branches:
Dungeon (1/15)

Altars:


Innate Abilities, Weirdness & Mutations

You cannot wear most types of armour.
You are amphibious.
You can wear up to eight rings at the same time.
Your skin changes colour to match your surroundings (Stealth+).
Your rubbery body absorbs attacks. (AC +1, EV +1)
((You are camouflaged near water. (Stealth+)))
You have tentacles for arms and can constrict up to eight enemies at once.


Message History

The jackal moves out of view.
No target in view!
No target in view!
No target in view!
No target in view!
A jackal comes into view.
A jackal comes into view.
Found a faded altar of an unknown god.
The jackal barks! x3
The jackal bites you.
You completely miss the jackal. Your grab misses the jackal.
The jackal closely misses you.
You closely miss the jackal. You grab the jackal. You constrict the jackal.
The jackal bites you. x2
A kobold comes into view. It is wielding a +0 dagger.
You are too injured to fight recklessly!
You are too injured to fight recklessly!
You are too injured to fight recklessly!
You are too injured to fight recklessly!
There are monsters nearby!
You are too injured to fight recklessly!
You hit the jackal.
You kill the jackal!
You block the jackal's attack.
A ball python comes into view.
The ball python hisses angrily.
You hit the jackal but do no damage. Your grab misses the jackal.
The jackal barely misses you. The jackal bites you.
A rat comes into view.
The jackal barely misses you.
You closely miss the jackal. You grab the jackal. You constrict the jackal.
You block the jackal's attack. x2
You hit the jackal.
The jackal is heavily wounded.
You constrict the jackal.
You kill the jackal!
The jackal bites you.
* * * LOW HITPOINT WARNING * * *
You miss the jackal. Your grab misses the jackal. The jackal bites you.
You die...

#..#.#######
#...#
#...#####
#..## .......
###.#####..†#
#...##.....#
##...#.....#
###.#..†..###
#..#†##...#
#......####@#
#.####...##h#
#. ##..##rS #
....K..
...#.§..
..##...§.
#§#§.§#
#..§§§#


You could see a jackal, a ball python, a kobold and a rat.

Vanquished Creatures
  A hobgoblin (D:1)
  3 jackals (D:1)
  A frilled lizard (D:1)
5 creatures vanquished.

Notes
Turn   | Place    | Note
-------+----------+-------------------------------------------
     0 | D:1      | Ijustatesigmund the Octopode Fighter began the quest for
                  | the Orb.
     0 | D:1      | Reached XP level 1. HP: 16/16 MP: 1/1
    44 | D:1      | Found a faded altar of an unknown god.
    52 | D:1      | Slain by a jackal

Illustrated notes

Levels and vault maps discovered:
D:1:      lemuel_arrival_tunnels, layout_rooms, ebering_ecumenical_altar_mist,
          nrook_mini_vaults, minmay_misc_feat_nine_boxes, hex_intersection,
          dk_noncrumbling_4, minmay_tromino_i4

Action                   || total
-------------------------++-------
Melee: War axe           ||    10
       Constrict         ||     4
       Tentacles         ||     1
Dodge: Dodged            ||     3
Block: Kite shield       ||     3

Table legend: (Time is in decaauts)
 A = Elapsed time spent in this place.
 B = Non-inter-level travel time spent in this place.
 C = Inter-level travel time spent in this place.
 D = Time resting spent in this place.
 E = Time spent auto-exploring this place.
 F = Levels seen in this place.
 G = Mean time per level.
                   A        B        C        D        E       F      G
               +--------+--------+--------+--------+--------+-----+--------+
         Total |     57 |     57 |      0 |      0 |     31 |   1 |   57.0 |
       Dungeon |     57 |     57 |      0 |      0 |     31 |   1 |   57.0 |
               +--------+--------+--------+--------+--------+-----+--------+

Top non-repeatable levels by time:
     D:1: 57 daAuts
